 Dungeon Crawl Stone Soup version 0.20.1-1-g8b1a95d (webtiles) character file.

39 dohliylev the Sneak (level 3, -3/27 HPs)
             Began as a Vampire Assassin on Aug 15, 2017.
             Slain by a gnoll
             ... wielding a +0 halberd
              (11 damage)
             ... on level 2 of the Dungeon on Aug 16, 2017.
             The game lasted 00:03:05 (849 turns).

dohliylev the Sneak (Vampire Assassin)               Turns: 849, Time: 00:03:06

Health: -3/27      AC:  5    Str: 10    XL:     3   Next: 28%
Magic:  3/3        EV: 12    Int: 13    God:
Gold:   36         SH:  0    Dex: 16    Spells: 2/2 levels left

rFire    . . .     SeeInvis +   a - +2 dagger
rCold    . . .     Gourm    .   (no shield)
rNeg     . . .     Faith    +   c - +0 robe
rPois    .         Spirit   .   (no helmet)
rElec    .         Reflect  .   d - +0 cloak
rCorr    .         Harm     .   m - +1 pair of gloves
MR       .....                  (no boots)
Stlth    ++++......             p - amulet of faith
Regen    0.3/turn               (no ring)
MPRegen  0.1/turn               (no ring)

@: regenerating quickly
A: fangs 3, see invisible, unbreathing
a: no special abilities


You were on level 2 of the Dungeon.
You were very full.

You visited 1 branch of the dungeon, and saw 2 of its levels.

You collected 36 gold pieces.

Inventory:

Hand Weapons
 a - a +2 dagger (weapon)
 b - a +0 blowgun
Missiles
 e - 8 poisoned needles
 f - 10 curare-tipped needles
Armour
 c - a +0 robe (worn)
 d - a +0 cloak (worn)
 m - a +1 pair of gloves (worn)
Jewellery
 p - an amulet of faith (around neck)
Scrolls
 h - 2 scrolls of identify {unknown}
 j - a scroll of immolation {unknown}
 k - a scroll of enchant weapon {unknown}
 o - a scroll of teleportation {unknown}
Potions
 g - 3 potions of blood
 i - a potion of lignification {unknown}
 l - a potion of degeneration {unknown}
 n - a potion of mutation {unknown}


   Skills:
 + Level 1.8 Fighting
 + Level 2.2 Short Blades
 + Level 1.6 Throwing
 + Level 1.3 Dodging
 * Level 7.4 Stealth


You had 2 spell levels left.
You didn't know any spells.

Dungeon Overview and Level Annotations

Branches:
Dungeon (2/15)

Altars:


Innate Abilities, Weirdness & Mutations

Your natural rate of healing is unusually fast.
You have razor-sharp teeth.
You have supernaturally acute eyesight. (SInv)
You can survive without breathing.


Message History

The gnoll misses you.
You barely miss the gnoll.
The gnoll is heavily wounded.
The gnoll barely misses you. The gnoll misses you.
You hit the gnoll but do no damage.
The gnoll is heavily wounded.
The gnoll misses you. The gnoll hits you with a club.
You completely miss the gnoll.
The gnoll is heavily wounded.
The gnoll hits you with a club.
* * * LOW HITPOINT WARNING * * *
The gnoll barely misses you.
You hit the gnoll.
The gnoll is severely wounded.
You hit the gnoll.
The gnoll is almost dead.
The gnoll hits you with a club.
* * * LOW HITPOINT WARNING * * *
The gnoll hits you from afar with a halberd!
You die...

......<.........##.
...................
................#
.........÷).....####.
..................... ♣
..................... P.
#..................# ...
.#............♣♣♣♣♣♣.#....
.....####..#.wgg@...>.....
#.#.. .....##w♣♣♣♣♣♣......
#...# #.##.##....g......>.
#... #. #.###w..#........
... . .##...##...w....
....#.##........
#.##...##........ #
..............
....♣#♣.♣##..##


You could see a worm, 2 gnolls and a dart slug.

Vanquished Creatures
  A gnoll (D:2)
  2 dart slugs (D:1)
  A giant cockroach (D:1)
  3 goblins (D:1)
  7 hobgoblins
  3 kobolds (D:1)
  A quokka (D:2)
  2 bats (D:1)
  A frilled lizard (D:1)
  4 rats (D:1)
25 creatures vanquished.

Notes
Turn   | Place    | Note
-------+----------+-------------------------------------------
     0 | D:1      | dohliylev the Vampire Assassin began the quest for the Orb.
     0 | D:1      | Reached XP level 1. HP: 16/16 MP: 1/1
    39 | D:1      | Reached skill level 6 in Stealth
   157 | D:1      | Reached XP level 2. HP: 22/22 MP: 2/2
   317 | D:1      | Reached skill level 7 in Stealth
   800 | D:2      | Reached XP level 3. HP: 26/27 MP: 3/3
   849 | D:2      | Slain by a gnoll

Skill      XL: |  1  2 |
---------------+-------+-----
Stealth        | 6 7 |  7.4
Fighting       | |  1.8
Short Blades   | |  2.2
Throwing       | |  1.6
Dodging        | |  1.3

Action                   || total
-------------------------++-------
Melee: Dagger            ||    86
       Bite              ||     6
 Stab: Sleeping          ||     6
       Distracted        ||     1
  Eat: Corpse            ||     9
Armor: Robe              ||     8
Dodge: Dodged            ||    42
